 Dungeon Crawl Stone Soup version 0.30.0-17-ge0270778cf (webtiles) character file.

Game seed: 13502954614088487050

283 SnakkuSnakku7 the Trooper (level 6, -13/55 HPs)
             Began as an Armataur Artificer on May 21, 2023.
             Mangled by an ogre
             ... wielding a +0 giant club
              (25 damage)
             ... on level 3 of the Dungeon.
             The game lasted 00:03:16 (1773 turns).

SnakkuSnakku7 the Trooper (Armataur Artificer)      Turns: 1773, Time: 00:03:18

Health: -13/55     AC:  6    Str: 13 (19) XL:     6   Next: 7%
Magic:  6/6        EV:  8    Int: 15 (18) God:
Gold:   64         SH:  0    Dex:  5 (10) Spells: 5/5 levels left

rFire   . . .        a - +0 war axe
rCold   . . .        (no shield)
rNeg    . . .        i - +0 ring mail
rPois   .            (no helmet)
rElec   .            (no cloak)
rCorr   .            (no gloves)
SInv    .            (no barding)
Will    .....        (no amulet) Stlth
                     k - +6 ring of intelligence
HPRegen 0.29/turn    (no ring)
MPRegen 0.10/turn

%: roll
@: no status effects
A: large, rugged brown scales 3, deformed body, armoured tail, roll, long
tongue, awkward tongue
a: no special abilities


You were on level 3 of the Dungeon.
You visited 1 branch of the dungeon, and saw 3 of its levels.
You also visited: Sewer.

You collected 110 gold pieces.
You spent 46 gold pieces at shops.

Inventory:

Hand Weapons
 a - a +0 war axe (weapon)
 f - a +0 club
Missiles
 j - 9 poisoned darts
Armour
 b - a +0 leather armour
 i - a +0 ring mail (worn)
Jewellery
 k - a +6 ring of intelligence (left hand)
 p - a ring of see invisible
Wands
 c - a wand of flame (8) (quivered)
 d - a wand of charming (13)
 e - a wand of iceblast (5)
 h - a wand of mindburst (7)
Scrolls
 l - a scroll of magic mapping {unknown}
 n - 2 scrolls of vulnerability {unknown}
 o - 3 scrolls of noise {unknown}
 q - 3 scrolls of enchant armour {unknown}
 s - 2 scrolls of identify {unknown}
 t - a scroll of poison {unknown}
 v - a scroll of immolation {unknown}
 x - a scroll of teleportation {unknown}
 y - a scroll of acquirement {unknown}
Potions
 g - a potion of cancellation {unknown}
 m - 2 potions of lignification {unknown}
 r - a potion of degeneration
 u - a potion of heal wounds
 w - 3 potions of resistance {unknown}
 z - a potion of haste


   Skills:
 + Level 3.9 Fighting
 + Level 3.3 Axes
 - Level 2.4 Armour
 - Level 0.6 Dodging
 - Level 1.1 Stealth
 - Level 3.0 Evocations


You had 5 spell levels left.
You didn't know any spells.
Your spell library contained the following spells:

 Spells                   Type           Power      Damage    Failure   Level
 Inner Flame              Hex/Fire       0%         N/A       86%         3
 Ozocubu's Armour         Ice            0%         N/A       86%         3
 Yara's Violent Unravell  Hex/Tmut       0%         3d3       100%        5
 Enfeeble                 Hex            0%         N/A       100%        7
 Ozocubu's Refrigeration  Ice            0%         4d7       100%        7


Dungeon Overview and Level Annotations

Branches:
Dungeon (3/15)              Sewer (visited)

Altars:

Shops:
D:2 *


Innate Abilities, Weirdness & Mutations

You are completely covered in rugged brown scales. (AC +3, +7% HP)
Armour fits poorly on your strangely shaped body.
You have a long armoured tail.
You roll when moving toward enemies. (Rampage)
Your long tongue fully drains potion bottles. (2x potion effects)
Your tongue gives you trouble enunciating. (1.5x scroll delay)


Message History

You roll towards the bat!
You hit the bat.
You kill the bat!
You are too injured to fight recklessly!
You are too injured to fight recklessly!
You are too injured to fight recklessly!
You enter the shallow water.
A ball python comes into view.
The ball python hisses angrily.
A ball python is nearby!
A ball python is nearby!
An ogre comes into view. It is wielding a +0 giant club.
The ogre shouts!
You hear a shout! x2
You roll towards the ogre!
A goblin comes into view. It is wielding a +0 dagger.
The ball python bites you. The ogre barely misses you.
You are too injured to fight recklessly!
You are too injured to fight recklessly!
Unknown command.
The ball python attacks as you move away!
The ball python bites you but does no damage.
Aiming: Charm
Press: ? - help, Shift-Dir - straight line, f - ball python
Aim: a ball python (chance to affect: 73%)
The ball python is charmed.
The ogre hits your ball python with a +0 giant club!!
Your ball python dies!
Unknown command.
Aiming: Charm
Press: ? - help, Shift-Dir - straight line, f - ogre
Aim: an ogre, wielding a +0 giant club (chance to affect: 56%)
The ogre resists with significant effort.
Unknown command.
You slash the ogre!
The ogre is moderately wounded.
The ogre hits you with a +0 giant club!
* * * LOW HITPOINT WARNING * * *
Okay, then.
The ogre attacks as you move away!
The ogre hits you with a +0 giant club!!
You die...

.#.#.#..# ........#
.#.#.#..##.. .# ...........#
#.# .#.#.#..### #.#
...†....# #.# #...##.
#.......### #.# #...#.
#.........########.# #....
#...............@..####...#
#...........#####O...##...##
#####.......# #g.#.##....#
#.......# ##...##....#...
##......#######..##.....#
##..........####.†....#.#
#...÷................##
#......##~~÷~~##..##..!..
#......##~÷.~~##.........#


You could see an ogre and a goblin.

Vanquished Creatures
  A water moccasin (Sewer)
  4 gnolls (D:3)
  7 adders
  A river rat (D:3)
  2 worms
  A dart slug (D:1)
  3 endoplasms
  6 hobgoblins
  11 jackals
  4 kobolds
  A quokka (D:1)
  6 ball pythons
  13 bats
  3 frilled lizards
  2 rats (D:1)
65 creatures vanquished.

Vanquished Creatures (others)
  A ball python (D:3)
1 creature vanquished.

Grand Total: 66 creatures vanquished

Notes
Turn   | Place    | Note
-------+----------+-------------------------------------------
     0 | D:1      | SnakkuSnakku7 the Armataur Artificer began the quest for
                  | the Orb.
     0 | D:1      | Reached XP level 1. HP: 16/16 MP: 1/1
    41 | D:1      | Reached skill level 1 in Fighting
   164 | D:1      | Reached XP level 2. HP: 21/24 MP: 2/2
   166 | D:1      | Reached skill level 1 in Axes
   609 | D:1      | Reached XP level 3. HP: 31/31 MP: 3/3
   958 | D:2      | Found Mercheta's Assorted Antiques.
   990 | D:2      | Bought a scroll labelled DOSSENU IWEOX for 23 gold pieces
  1266 | D:2      | Reached XP level 4. HP: 27/39 MP: 4/4
  1329 | D:2      | Bought a scroll labelled IMAIHO WOME for 23 gold pieces
  1457 | D:3      | Reached XP level 5. HP: 18/48 MP: 5/5
  1508 | D:3      | Found a glowing drain.
  1532 | Sewer    | Entered a sewer
  1684 | Sewer    | Noticed a water moccasin
  1706 | Sewer    | Killed a water moccasin
  1707 | Sewer    | Reached XP level 6. HP: 19/55 MP: 6/6
  1773 | D:3      | Mangled by an ogre

Illustrated notes

Levels and vault maps discovered:
D:1:      kennysheep_arrival_seaside, layout_loops_ring
D:2:      layout_basic, serial_shops, nicolae_shop_just_a_little_nook
D:3:      minmay_diamond_boxcup, layout_rooms,
          chequers_temple_overflow_statue_of_worship, serial_glass,
          glass_columns_c, glass_columns_b, cheibrodos_sewer_entry_sluice,
          st_stairs_9, minmay_misc_feat_columns

Skill      XL: |  1  2  3  4  5 |
---------------+----------------+-----
Fighting       | 1 2 3 |  3.9
Axes           | 1 2 3 |  3.3
Armour         | |  2.4
Dodging        | |  0.6
Stealth        | |  1.1
Evocations     | |  3.0

Action                     |  1- 3 |  4- 6 || total
---------------------------+-------+-------++-------
  Melee: War axe           |   107 |    87 ||   194
         Tailslap          |     8 |     7 ||    15
  Evoke: Wand              |     3 |     6 ||     9
    Use: Potion            |       |     4 ||     4
 Armour: Leather armour    |    22 |       ||    22
         Ring mail         |    41 |    58 ||    99
  Dodge: Dodged            |    55 |    78 ||   133
